[Event "Titled Tuesday Blitz March 08 Early 2022"]
[White "San, Thit Lwin"]
[Black "Atzl, Florian"]
[WhiteFideId "13001272"]
[BlackFideId "1635891"]
[WhiteElo "2232"]
[BlackElo "2085"]
[Result "1-0"]
[Round "03"]
[TimeControl "180+1"]
[Date "2022.03.09"]
[WhiteClock "0:00:08"]
[BlackClock "0:00:16"]

1. Nf3 c5 2. c4 Nf6 3. Nc3 d5 4. cxd5 Nxd5 5. e4 Nb4 6. a3 Nd3+ 7. Bxd3 Qxd3 8. Qe2 Qd8 9. O-O Nc6 10. Rd1 Bg4 11. Qb5 Qd7 12. Qxc5 e6 13. Qe3 Rd8 14. d3 Nd4 15. Ne5 Nc2 16. Qxa7 Qc7 17. Qa4+ Ke7 18. Bg5+ f6 19. Nxg4 Nxa1 20. Be3 h5 21. Rxa1 hxg4 22. g3 Kf7 23. e5 Rxd3 24. exf6 gxf6 25. Qxg4 Bc5 26. Bf4 Qb6 27. Ne4 Bxf2+ 28. Nxf2 Rxh2 29. Kxh2 Qxf2+ 30. Kh3 Rd8 31. Qh5+ Kg7 32. Bh6+ Kh7 33. Be3+ Kg7 34. Bxf2 Rh8 35. Qxh8+ Kxh8 36. Rc1 e5 37. Rc7 b5 38. Bc5 e4 39. Kg4 b4 40. axb4 e3 41. Bxe3 Kg8 42. Kf5 Kf8 43. Kxf6 Kg8 44. Bg5 Kh8 45. Kg6 1-0


[Site "https://www.chess.com"]

[Event "Titled Tuesday Blitz March 08 Early 2022"]
[White "Saravana, Krishnan P."]
[Black "Tsatsalashvili, Keti"]
[WhiteFideId "5018382"]
[BlackFideId "13603434"]
[WhiteElo "2210"]
[BlackElo "2246"]
[Result "1-0"]
[Round "03"]
[TimeControl "180+1"]
[Date "2022.03.09"]
[WhiteClock "0:01:51"]
[BlackClock "0:01:10"]

1. e4 c5 2. Nf3 d6 3. Bb5+ Nd7 4. O-O Nf6 5. Re1 e6 6. c3 Be7 7. d4 d5 8. e5 Ne4 9. Nbd2 Nxd2 10. Qxd2 cxd4 11. Qxd4 Bc5 12. Qxc5 a6 13. Bxd7+ Bxd7 14. Bg5 f6 15. exf6 gxf6 16. Bh4 Kf7 17. Ne5+ Kg7 18. Re3 Rf8 19. Rg3+ Kh8 20. Qe3 Be8 21. Qh6 Qe7 22. Rg6 1-0


[Site "https://www.chess.com"]

[Event "Titled Tuesday Blitz March 08 Early 2022"]
[White "Sargissyan, Sargis"]
[Black "Bashirli, Nail"]
[WhiteFideId "13303210"]
[BlackFideId "13406809"]
[WhiteElo "2174"]
[BlackElo "2333"]
[Result "0-1"]
[Round "03"]
[TimeControl "180+1"]
[Date "2022.03.09"]
[WhiteClock "0:00:01"]
[BlackClock "0:00:14"]

1. e4 c5 2. Nf3 d6 3. d4 cxd4 4. Nxd4 Nf6 5. Nc3 Nc6 6. Bg5 e6 7. Qd2 a6 8. O-O-O Bd7 9. Nxc6 Bxc6 10. Qe1 Qa5 11. f4 Be7 12. Kb1 h6 13. Bh4 g5 14. fxg5 hxg5 15. Bg3 Qc5 16. Bf2 Qa5 17. Bg3 O-O-O 18. Qe3 Qc5 19. Qe1 Ng4 20. Be2 Ne5 21. Bf2 Qa5 22. h3 Kb8 23. Qd2 Rd7 24. Rhf1 Rc8 25. Qd4 b5 26. b4 Qc7 27. Kb2 Qb7 28. a3 Rdc7 29. Be1 Bxe4 30. Qxe4 Qxe4 31. Nxe4 Rxc2+ 32. Kb1 Rxe2 33. Nxd6 Rcc2 34. Bg3 Rb2+ 35. Ka1 Ra2+ 36. Kb1 Reb2+ 37. Kc1 Re2 38. Nxf7 Ra1# 0-1


[Site "https://www.chess.com"]

[Event "Titled Tuesday Blitz March 08 Early 2022"]
[White "Shahaliyev, Ismayil"]
[Black "Svane, Rasmus"]
[WhiteFideId "13406388"]
[BlackFideId "4657101"]
[WhiteElo "2105"]
[BlackElo "2645"]
[Result "1-0"]
[Round "03"]
[TimeControl "180+1"]
[Date "2022.03.08"]
[WhiteClock "0:00:12"]
[BlackClock "0:00:10"]

1. d4 d5 2. Nf3 e6 3. c4 a6 4. cxd5 exd5 5. Nc3 Nf6 6. Bf4 Bd6 7. Bg3 c6 8. e3 Bg4 9. Qc2 O-O 10. Ne5 Be6 11. Bd3 c5 12. O-O Qe7 13. f4 cxd4 14. exd4 Nc6 15. Nxc6 bxc6 16. Bh4 h6 17. Rae1 Qd8 18. Na4 Bd7 19. Nc5 Bxc5 20. dxc5 Re8 21. Qc3 a5 22. Re5 Be6 23. Qd4 Rb8 24. a3 Rb7 25. Rfe1 Rbe7 26. Bxf6 gxf6 27. R5e3 Bg4 28. f5 Rxe3 29. Rxe3 Rxe3 30. Qxe3 Qb8 31. h3 Bh5 32. Qxh6 Qg3 33. Qxh5 Qxd3 34. Qg4+ Kf8 35. b4 Qxa3 36. bxa5 Qxc5+ 37. Kh2 Qxa5 38. h4 Qc7+ 39. Kh3 Qe5 40. h5 Qe3+ 41. Kh2 Qe4 42. Qxe4 dxe4 43. Kg3 Kg7 44. Kf4 Kh6 45. g4 Kg7 46. Kxe4 Kf8 47. Kd4 Ke7 48. Kc5 Kf8 49. Kxc6 Kg7 50. Kd7 Kf8 51. Kd8 Kg7 52. Ke7 Kh7 53. Kxf6 Kh6 54. Kxf7 Kg5 55. Ke6 Kh6 56. f6 Kg5 57. f7 Kh6 58. f8=Q+ Kg5 59. Qg7+ 1-0


[Site "https://www.chess.com"]

[Event "Titled Tuesday Blitz March 08 Early 2022"]
[White "Shkapenko, Pavel"]
[Black "Guliev, Logman"]
[WhiteFideId "4151933"]
[BlackFideId "13400061"]
[WhiteElo "2704"]
[BlackElo "2478"]
[Result "1-0"]
[Round "03"]
[TimeControl "180+1"]
[Date "2022.03.09"]
[WhiteClock "0:00:47"]
[BlackClock "0:00:19"]

1. e4 c5 2. c3 d5 3. exd5 Qxd5 4. d4 Nf6 5. Nf3 e6 6. Be2 Nc6 7. O-O cxd4 8. cxd4 Be7 9. Nc3 Qd6 10. Be3 O-O 11. a3 a6 12. b4 Ng4 13. Qb3 Nxe3 14. fxe3 Bd7 15. Rac1 Rac8 16. Ne4 Qb8 17. Nc5 Be8 18. Bd3 h6 19. Bb1 Bd6 20. Qd3 g6 21. Qe4 Ne7 22. Qxb7 Nd5 23. Qxb8 Bxb8 24. Kf2 Bb5 25. Rfd1 Rfd8 26. Bd3 Bxd3 27. Nxd3 Nf6 28. Rxc8 Ne4+ 29. Ke1 Rxc8 30. Rc1 Rxc1+ 31. Nxc1 g5 32. Nd3 f6 33. Nc5 Nxc5 34. dxc5 g4 35. Nd4 Bxh2 36. Nxe6 Kf7 37. Nd4 h5 38. Ke2 h4 39. a4 Be5 40. b5 axb5 41. axb5 h3 42. gxh3 gxh3 43. Kf3 Ke7 44. Nc6+ 1-0


[Site "https://www.chess.com"]

[Event "Titled Tuesday Blitz March 08 Early 2022"]
[White "Siva Mahadevan"]
[Black "Proudian, Armen"]
[WhiteFideId "25043153"]
[BlackFideId "2130734"]
[WhiteElo "2816"]
[BlackElo "2599"]
[Result "0-1"]
[Round "03"]
[TimeControl "180+1"]
[Date "2022.03.09"]
[WhiteClock "0:00:09"]
[BlackClock "0:00:32"]

1. e4 e5 2. Nf3 Nc6 3. Bb5 a6 4. Ba4 Nge7 5. c3 g6 6. d4 exd4 7. cxd4 b5 8. Bb3 Bg7 9. d5 Na5 10. Bd2 c5 11. d6 Nec6 12. Bd5 Bxb2 13. Bc3 Bxc3+ 14. Nxc3 O-O 15. O-O Bb7 16. e5 Nb4 17. Bxb7 Nxb7 18. Ne4 f5 19. exf6 Rxf6 20. a3 Nc6 21. Qd5+ Kg7 22. Nxf6 Qxf6 23. Ng5 Re8 24. Ne4 Qe6 25. Qxe6 Rxe6 26. f3 c4 27. Rfd1 Ne5 28. Rab1 Nd3 29. a4 Nxd6 30. Nxd6 Rxd6 31. axb5 axb5 32. Rxb5 c3 33. Rxd3 Rxd3 34. Rc5 d5 35. Kf2 d4 36. Kg3 Rd2 37. Kf4 Rxg2 38. Ke4 Rd2 39. h4 c2 40. h5 gxh5 0-1


[Site "https://www.chess.com"]

[Event "Titled Tuesday Blitz March 08 Early 2022"]
[White "Skliarov, Viktor"]
[Black "Fernandez Siles, Luis"]
[WhiteFideId "14106736"]
[BlackFideId "2209420"]
[WhiteElo "2229"]
[BlackElo "2212"]
[Result "1-0"]
[Round "03"]
[TimeControl "180+1"]
[Date "2022.03.09"]
[WhiteClock "0:01:03"]
[BlackClock "0:01:12"]

1. e4 c5 2. Nf3 Nc6 3. Bb5 g6 4. O-O Bg7 5. Re1 Nf6 6. e5 Nd5 7. Nc3 Nc7 8. Bxc6 dxc6 9. Ne4 Ne6 10. d3 O-O 11. Be3 b6 12. Qd2 a5 13. Bh6 Ra7 14. h4 f5 15. exf6 exf6 16. h5 Bxh6 17. Qxh6 g5 18. Ng3 Ng7 19. Re3 Re7 20. Rae1 Rxe3 21. Rxe3 Bg4 22. Nh2 Bf5 23. Nhf1 Bc8 24. Nd2 Qd6 25. Nde4 Qd8 26. Rf3 1-0


[Site "https://www.chess.com"]

[Event "Titled Tuesday Blitz March 08 Early 2022"]
[White "Sovetbekova, Nurai"]
[Black "Alinasab, Mobina"]
[WhiteFideId "13801910"]
[BlackFideId "12528897"]
[WhiteElo "1538"]
[BlackElo "2052"]
[Result "1-0"]
[Round "03"]
[TimeControl "180+1"]
[Date "2022.03.09"]
[WhiteClock "0:00:05"]
[BlackClock "0:00:06"]

1. d4 Nf6 2. c4 e6 3. g3 c5 4. d5 exd5 5. cxd5 g6 6. Nc3 d6 7. Nf3 Bg7 8. Bg2 O-O 9. O-O a6 10. a4 Re8 11. Nd2 Nbd7 12. e4 Ne5 13. Qc2 Bd7 14. f4 Neg4 15. Nf3 Nh5 16. Ne2 b5 17. h3 Ngf6 18. g4 Rxe4 19. gxh5 Bf5 20. Ng3 Rc4 21. Qf2 Ne4 22. Nxe4 Bxe4 23. Re1 Bxd5 24. Be3 Rb4 25. Rad1 Rxb2 26. Re2 Rxe2 27. Qxe2 Bc4 28. Qd2 Bb3 29. Rb1 bxa4 30. hxg6 hxg6 31. Ng5 Rb8 32. Ne4 a3 33. Nc3 Qa5 34. Rc1 a2 35. Nxa2 Qxa2 36. Qxd6 Qa5 37. Qxb8+ Kh7 38. Qd6 Qb5 39. Qd1 Qe8 40. Qe1 Be6 41. Qf2 Qg8 42. Qh4+ Bh6 43. f5 g5 44. Qe4 f6 45. fxe6+ Kh8 46. e7 Qe8 47. Rd1 Kg7 48. Rd8 1-0


[Site "https://www.chess.com"]

[Event "Titled Tuesday Blitz March 08 Early 2022"]
[White "Spata, German"]
[Black "Khismatullin, Denis"]
[WhiteFideId "113026"]
[BlackFideId "4142578"]
[WhiteElo "2624"]
[BlackElo "2861"]
[Result "0-1"]
[Round "03"]
[TimeControl "180+1"]
[Date "2022.03.09"]
[WhiteClock "0:00:01"]
[BlackClock "0:00:14"]

1. Nf3 Nf6 2. d4 d6 3. e3 Nbd7 4. c4 e5 5. Nc3 Be7 6. Be2 O-O 7. O-O c6 8. b3 e4 9. Nd2 d5 10. a4 Re8 11. Ba3 Bxa3 12. Rxa3 Qe7 13. Ra2 Nf8 14. a5 Be6 15. Qc1 Bg4 16. Bxg4 Nxg4 17. cxd5 Qd6 18. g3 cxd5 19. h3 Nxe3 20. Ndxe4 dxe4 21. Qxe3 f5 22. Rc1 Rac8 23. Rac2 Ne6 24. Nxe4 Qd7 25. Rxc8 Rxc8 26. Rxc8+ Qxc8 27. Nc5 Nxc5 28. dxc5 Qd7 29. Qe5 a6 30. b4 Kf7 31. h4 g6 32. Qh8 Ke6 33. Qg8+ Ke5 34. Qc4 Qd1+ 35. Kh2 Qd4 36. Qe2+ Kd5 37. Qf3+ Qe4 38. Qb3+ Kc6 39. Qf7 Qf3 40. Kg1 Qd1+ 41. Kh2 Qd7 42. Qf6+ Kb5 43. Qb6+ Kc4 44. Kg1 Qc6 45. Qd8 Kxb4 46. Qd4+ Kxa5 47. Qc4 Qe4 48. Qb3 Qe1+ 0-1


[Site "https://www.chess.com"]

[Event "Titled Tuesday Blitz March 08 Early 2022"]
[White "Stankovic, Ivan G"]
[Black "Brodowski, Piotr"]
[WhiteFideId "902837"]
[BlackFideId "1124480"]
[WhiteElo "2195"]
[BlackElo "2422"]
[Result "0-1"]
[Round "03"]
[TimeControl "180+1"]
[Date "2022.03.09"]
[WhiteClock "0:00:11"]
[BlackClock "0:01:03"]

1. e4 c5 2. c4 Nc6 3. Nc3 g6 4. g3 Bg7 5. Bg2 h5 6. h3 Nf6 7. d3 O-O 8. Nge2 Ne8 9. O-O Nc7 10. Be3 Ne6 11. f4 Ned4 12. f5 d6 13. g4 hxg4 14. hxg4 e6 15. fxg6 fxg6 16. Rxf8+ Qxf8 17. Nf4 Ne5 18. g5 Qe7 19. Nh3 Bd7 20. Ne2 Rf8 21. Nxd4 cxd4 22. Bd2 Nxd3 23. Qb3 Nc5 24. Qg3 Bc6 25. Qh4 Be5 26. b4 Nd3 27. Bf1 Nb2 28. Rb1 d3 29. Bf4 Nxc4 30. Bxd3 Bxf4 31. Bxc4 Be3+ 32. Kg2 d5 33. Bd3 dxe4 34. Bxe4 Qd6 35. Bxc6 Qxc6+ 36. Kh2 Qc2+ 0-1


[Site "https://www.chess.com"]

[Event "Titled Tuesday Blitz March 08 Early 2022"]
[White "Suarez Uriel, Adrian"]
[Black "Matinian, Nikita"]
[WhiteFideId "22230874"]
[BlackFideId "24129100"]
[WhiteElo "2316"]
[BlackElo "2422"]
[Result "1-0"]
[Round "03"]
[TimeControl "180+1"]
[Date "2022.03.09"]
[WhiteClock "0:00:05"]
[BlackClock "0:00:03"]

1. e4 c5 2. Ne2 Nc6 3. d4 cxd4 4. Nxd4 Nf6 5. Nc3 e5 6. Ndb5 d6 7. Bg5 a6 8. Na3 b5 9. Bxf6 gxf6 10. Nd5 f5 11. Bd3 fxe4 12. Bxe4 Rb8 13. c3 Bg7 14. Qh5 b4 15. Nc2 bxc3 16. bxc3 h6 17. Nce3 Qg5 18. Nc7+ Kd8 19. Qxf7 Rf8 20. Ne6+ Bxe6 21. Qxe6 Qe7 22. Qd5 Na7 23. Nf5 Qf6 24. O-O Nc8 25. Rad1 Rb5 26. Qc6 Rb6 27. Qa8 Kc7 28. c4 Bh8 29. c5 dxc5 30. Rd5 Qc6 31. Qxc6+ Rxc6 32. Rd3 c4 33. Rh3 Rc5 34. Rxh6 c3 35. Rc1 Kb8 36. Rxa6 Rc4 37. f3 Kc7 38. Ra3 c2 39. Rxc2 Rxc2 40. Bxc2 Nb6 41. Be4 Rb8 42. Rc3+ Kd8 43. h4 Bf6 44. h5 Na4 45. Rd3+ Kc8 46. g4 Bg5 47. h6 Rb1+ 48. Kg2 Rb2+ 49. Kh3 Bf4 50. Ng3 Bxh6 51. Kh4 Bf4 52. g5 Rh2+ 53. Kg4 Rg2 54. g6 Rxg3+ 55. Kf5 Nc5 56. Rc3 Rg5+ 57. Kf6 Kb8 58. Rxc5 Rg3 59. g7 Bh6 60. Rb5+ Kc7 61. Rb7+ Kd6 62. Bh7 Bg5+ 63. Kf5 Bh6 64. g8=Q Rxf3+ 65. Ke4 Re3+ 66. Kf5 Rf3+ 67. Kg4 Rf4+ 68. Kg3 1-0


[Site "https://www.chess.com"]

[Event "Titled Tuesday Blitz March 08 Early 2022"]
[White "Svane, Frederik"]
[Black "Farahat, Ali"]
[WhiteFideId "12923044"]
[BlackFideId "10600507"]
[WhiteElo "2459"]
[BlackElo "2321"]
[Result "1-0"]
[Round "03"]
[TimeControl "180+1"]
[Date "2022.03.08"]
[WhiteClock "0:00:43"]
[BlackClock "0:00:19"]

1. e4 e5 2. Nf3 Nc6 3. Bb5 a6 4. Ba4 Nf6 5. Nc3 d6 6. Bxc6+ bxc6 7. d4 Nd7 8. O-O Be7 9. dxe5 Nxe5 10. Nxe5 dxe5 11. Be3 Rb8 12. b3 O-O 13. Na4 Be6 14. Qxd8 Rfxd8 15. Rfd1 f6 16. Bc5 Bd6 17. Rd3 f5 18. f3 fxe4 19. fxe4 Rb5 20. Kh1 Rd7 21. Rad1 Bg4 22. R1d2 Rf7 23. Bf2 h5 24. h3 Be6 25. Kg1 Kh7 26. c4 Rb8 27. Bc5 Rbf8 28. Bxd6 cxd6 29. Rxd6 Rf1+ 30. Kh2 R8f6 31. Rxc6 h4 32. Nc5 Bg8 33. Rxf6 Rxf6 34. Nd3 Rd6 35. Kg1 Rd4 36. Kf2 Rxe4 37. Re2 Rd4 38. Nxe5 a5 39. Nf3 Rf4 40. Re5 a4 41. Rh5+ Kg6 42. Rxh4 axb3 43. axb3 Rf8 44. Rg4+ Kh6 45. Rh4+ Kg6 46. Rg4+ Kh6 47. Rd4 g5 48. Rd6+ Kh5 49. g4# 1-0


[Site "https://www.chess.com"]

[Event "Titled Tuesday Blitz March 08 Early 2022"]
[White "Tabatabaei, M. Amin"]
[Black "Nazari, Arad"]
[WhiteFideId "12521213"]
[BlackFideId "12577324"]
[WhiteElo "2544"]
[BlackElo "2120"]
[Result "1-0"]
[Round "03"]
[TimeControl "180+1"]
[Date "2022.03.08"]
[WhiteClock "0:01:10"]
[BlackClock "0:00:06"]

1. d4 Nf6 2. Nf3 g6 3. Nc3 d5 4. Bf4 Bg7 5. Nb5 Na6 6. h3 O-O 7. e3 c6 8. Nc3 Nc7 9. Bd3 Nd7 10. e4 dxe4 11. Nxe4 Nd5 12. Bg3 Nb4 13. Be2 Nf6 14. Nxf6+ Bxf6 15. Qd2 Nd5 16. c4 Nb6 17. O-O Be6 18. b3 Qd7 19. Rfe1 Rfd8 20. Rad1 a5 21. a4 Qc8 22. Bf1 Nd7 23. Rxe6 fxe6 24. c5 Nxc5 25. Bc4 b5 26. axb5 cxb5 27. Bxb5 Ne4 28. Qe3 Nxg3 29. fxg3 Kg7 30. g4 Kh8 31. g5 Bg7 32. Ne5 Rf8 33. Bc4 Rb8 34. Qe4 Qc7 35. Nxg6+ hxg6 36. Qh4+ Kg8 37. Bxe6+ Rf7 38. Rf1 Rf8 39. Qf2 Bxd4 40. Qxd4 Qd6 41. Qxd6 exd6 42. g4 Kg7 43. Rxf7+ Rxf7 44. Bxf7 Kxf7 45. Kf2 Ke6 46. h4 Ke5 47. h5 Ke6 48. Ke3 1-0


[Site "https://www.chess.com"]

[Event "Titled Tuesday Blitz March 08 Early 2022"]
[White "Taboas Rodriguez, Daniel"]
[Black "Durarbayli, Vasif"]
[WhiteFideId "2208466"]
[BlackFideId "13402935"]
[WhiteElo "2429"]
[BlackElo "2528"]
[Result "0-1"]
[Round "03"]
[TimeControl "180+1"]
[Date "2022.03.08"]
[WhiteClock "0:00:05"]
[BlackClock "0:00:14"]

1. d4 d5 2. Nf3 c6 3. c4 Nf6 4. cxd5 cxd5 5. Nc3 Nc6 6. Bf4 Bf5 7. e3 a6 8. Rc1 e6 9. Qb3 Bb4 10. Be2 O-O 11. O-O Qe7 12. Na4 Na5 13. Qd1 Rac8 14. Nb6 Rc6 15. Rxc6 Nxc6 16. Qb3 Ne4 17. Rc1 Bd6 18. Bxd6 Qxd6 19. a3 Bg4 20. Na4 b5 21. Nc5 Bxf3 22. Bxf3 Nd2 23. Qd1 Nc4 24. Qb3 Nd2 25. Qd1 Nc4 26. Qb3 a5 27. Be2 Rb8 28. Qa2 a4 29. b3 axb3 30. Qxb3 g6 31. h3 Kg7 32. Qc3 Ra8 33. Ra1 e5 34. dxe5 Qxc5 35. e6+ f6 36. Bf3 b4 37. axb4 Qxb4 38. Qc1 Rxa1 39. Qxa1 Ne7 40. Qa7 Qd6 41. Bxd5 Nb6 42. e4 Qc5 43. Qb7 g5 44. g3 h5 45. Kg2 Nc8 46. Qd7 Qd6 47. Qe8 Ng6 48. Qf7+ Kh6 49. Qxf6 Ne7 50. h4 gxh4 51. gxh4 Nxd5 52. Qg5+ Kh7 53. exd5 Qxd5+ 54. Qxd5 Nf4+ 55. Kf3 Nxd5 56. Ke4 Ne7 57. Ke5 Kg6 58. f4 Nf5 59. Kd5 Kf6 60. e7 Nxe7+ 61. Ke4 Nf5 62. Kf3 Nxh4+ 63. Ke4 Nf5 64. Kf3 Ke6 65. Ke4 Kf6 66. Kf3 Kf7 67. Ke4 Ke6 68. Kf3 Kd5 69. Kg2 Ke4 0-1


[Site "https://www.chess.com"]

[Event "Titled Tuesday Blitz March 08 Early 2022"]
[White "Taichman, Ori"]
[Black "Mekhitarian, Krikor Sevag"]
[WhiteFideId "2804069"]
[BlackFideId "2107660"]
[WhiteElo "2227"]
[BlackElo "2598"]
[Result "1-0"]
[Round "03"]
[TimeControl "180+1"]
[Date "2022.03.08"]
[WhiteClock "0:00:22"]
[BlackClock "0:00:03"]

1. e4 c5 2. b3 g6 3. Bb2 Nf6 4. Qf3 d6 5. Nc3 Bg7 6. Nd5 e5 7. O-O-O O-O 8. Ne2 Nxd5 9. exd5 f5 10. h4 h5 11. Qg3 Kh7 12. f4 Nd7 13. Ng1 exf4 14. Qxf4 Be5 15. Qf2 Bxb2+ 16. Kxb2 Qf6+ 17. Kb1 Ne5 18. Nf3 a5 19. Ng5+ Kg7 20. Bb5 a4 21. Bxa4 b5 22. Bxb5 Bd7 23. Bxd7 Rxa2 24. Kxa2 Ra8+ 25. Ba4 Nc4 26. Ne6+ Kh8 27. c3 Nb6 28. Qf4 Nxa4 29. bxa4 Rxa4+ 30. Qxa4 1-0


[Site "https://www.chess.com"]

[Event "Titled Tuesday Blitz March 08 Early 2022"]
[White "Talibov, Shiroghlan"]
[Black "Jobava, Baadur"]
[WhiteFideId "13429078"]
[BlackFideId "13601520"]
[WhiteElo "2070"]
[BlackElo "2617"]
[Result "0-1"]
[Round "03"]
[TimeControl "180+1"]
[Date "2022.03.08"]
[WhiteClock "0:00:03"]
[BlackClock "0:01:06"]

1. c4 c6 2. Nc3 d5 3. d4 Nf6 4. Nf3 dxc4 5. a4 Bf5 6. e3 e6 7. Bxc4 h6 8. Qb3 Qb6 9. O-O Nbd7 10. Re1 a5 11. Qa2 Bb4 12. Bd2 O-O 13. Rad1 Rad8 14. h3 Rfe8 15. Qb3 Bg6 16. Na2 Bxd2 17. Nxd2 e5 18. Nf3 Qxb3 19. Bxb3 exd4 20. exd4 Be4 21. Re3 Nd5 22. Bxd5 Bxd5 23. Nc3 Bb3 24. Rde1 Kf8 25. Nd2 Be6 26. Nde4 Nb6 27. Nc5 Rxd4 28. Nxb7 Nc4 29. R3e2 Rb8 30. Nc5 Bf5 31. g4 Bg6 32. Na6 Rbd8 33. Nc7 Kg8 34. Na6 f5 35. f3 fxg4 36. hxg4 h5 37. gxh5 Bxh5 38. Kg2 Rf8 39. Rf1 Nd2 40. Ref2 Nxf1 41. Rxf1 Rd2+ 42. Kg3 Rd3 43. Kh4 Rdxf3 44. Nc5 Rxf1 0-1


[Site "https://www.chess.com"]

[Event "Titled Tuesday Blitz March 08 Early 2022"]
[White "Tarasova, Viktoriya"]
[Black "Ferguson, Randal"]
[WhiteFideId "4175840"]
[BlackFideId "30903106"]
[WhiteElo "2182"]
[BlackElo "2158"]
[Result "1-0"]
[Round "03"]
[TimeControl "180+1"]
[Date "2022.03.09"]
[WhiteClock "0:00:16"]
[BlackClock "0:00:02"]

1. d4 Nf6 2. c4 g6 3. Nc3 d5 4. cxd5 Nxd5 5. e4 Nxc3 6. bxc3 Bg7 7. Bc4 c5 8. Ne2 Nc6 9. Be3 O-O 10. O-O b6 11. Qd2 Qc7 12. Rac1 Rd8 13. d5 Na5 14. Bd3 c4 15. Bb1 e6 16. Bd4 exd5 17. Bxg7 Kxg7 18. exd5 Qe5 19. Rfd1 Bb7 20. d6 Rd7 21. Qd4 Re8 22. Nf4 f6 23. h3 Bc6 24. Qxe5 Rxe5 25. Rd4 b5 26. Rcd1 Nb7 27. a4 a6 28. axb5 axb5 29. Kf1 Kf7 30. h4 f5 31. Nh3 h6 32. Nf4 Kf6 33. f3 g5 34. hxg5+ hxg5 35. Nh5+ Kg6 36. Ng3 Kf6 37. f4 gxf4 38. Rxf4 Rxd6 39. Re1 Rde6 40. Rxe5 Rxe5 41. Nxf5 Ke6 42. Nd4+ Kd5 43. Rf6 1-0


[Site "https://www.chess.com"]

[Event "Titled Tuesday Blitz March 08 Early 2022"]
[White "Tarhan, Adar"]
[Black "Leve, Nitai"]
[WhiteFideId "34544712"]
[BlackFideId "2006898"]
[WhiteElo "1802"]
[BlackElo "2144"]
[Result "0-1"]
[Round "03"]
[TimeControl "180+1"]
[Date "2022.03.09"]
[WhiteClock "0:02:03"]
[BlackClock "0:01:46"]

1. e4 c6 2. d4 d5 3. Nc3 dxe4 4. Nxe4 Nf6 5. Nxf6+ gxf6 6. c3 Rg8 7. Nf3 Bg4 8. Be2 Nd7 9. Qc2 Qc7 10. Qxh7 Rg7 11. Qc2 O-O-O 12. Be3 e5 13. O-O-O Bh5 14. Nh4 Bxe2 15. Qxe2 Qa5 16. Kb1 e4 17. g4 Bd6 18. Nf5 Bf8 19. Nxg7 Bxg7 20. h4 Nb6 21. h5 Rd5 22. h6 Bh8 23. h7 Rb5 24. Rh5 Nd5 25. Ka1 Nxc3 26. Rxb5 Qxa2# 0-1


[Site "https://www.chess.com"]

[Event "Titled Tuesday Blitz March 08 Early 2022"]
[White "Tari, Aryan"]
[Black "Demin, Vladimir"]
[WhiteFideId "1510045"]
[BlackFideId "4167457"]
[WhiteElo "2567"]
[BlackElo "2520"]
[Result "1-0"]
[Round "03"]
[TimeControl "180+1"]
[Date "2022.03.09"]
[WhiteClock "0:00:39"]
[BlackClock "0:00:02"]

1. c4 Nf6 2. g3 e6 3. Bg2 d5 4. d4 Be7 5. Nf3 O-O 6. O-O dxc4 7. Ne5 Nc6 8. Nxc6 bxc6 9. Na3 Bxa3 10. bxa3 Rb8 11. Qc2 Qxd4 12. Be3 Qe5 13. Qxc4 Qa5 14. Rfb1 Ba6 15. Qxc6 Bxe2 16. Qc5 Qa6 17. Rxb8 Rxb8 18. Qxc7 Rc8 19. Qxa7 Qc4 20. h3 Qd3 21. Qb7 Rd8 22. a4 Nd5 23. Bb6 Nxb6 24. Qxb6 h5 25. h4 Rd4 26. a5 Ra4 27. Qb8+ Kh7 28. Qe5 Bf3 29. Kh2 Bxg2 30. Qxh5+ Kg8 31. Kxg2 Qe4+ 32. Qf3 Qc4 33. Rd1 g6 34. Qf6 Qe4+ 35. Kh2 1-0


[Site "https://www.chess.com"]

[Event "Titled Tuesday Blitz March 08 Early 2022"]
[White "Tasev, Dejan"]
[Black "Lopez Del Alamo, Antonio"]
[WhiteFideId "936618"]
[BlackFideId "2227339"]
[WhiteElo "2253"]
[BlackElo "2082"]
[Result "0-1"]
[Round "03"]
[TimeControl "180+1"]
[Date "2022.03.09"]
[WhiteClock "0:00:03"]
[BlackClock "0:00:32"]

1. e4 c5 2. Nf3 e6 3. Nc3 Nc6 4. b3 d5 5. exd5 exd5 6. Bb2 d4 7. Ne2 Nf6 8. d3 Bd6 9. g3 O-O 10. Bg2 Re8 11. O-O Bg4 12. h3 Bh5 13. Qd2 Qd7 14. Kh2 Re7 15. Rae1 Rae8 16. Neg1 h6 17. Rxe7 Rxe7 18. Re1 Bg6 19. Rxe7 Qxe7 20. a3 b5 21. Qe2 Qf8 22. Nd2 Qc8 23. Ngf3 Ne7 24. Kg1 Ned5 25. Nh4 Bh7 26. Ne4 Bf8 27. Nxf6+ Nxf6 28. Nf3 Bf5 29. g4 Be6 30. Bc1 Nd5 31. Ne5 Bd6 32. f4 f5 33. gxf5 Nc3 34. Qh5 Bxf5 35. Qf7+ Kh7 36. Bd2 Qe6 37. Qxe6 Bxe6 38. Bxc3 dxc3 39. Be4+ Kg8 40. Kg2 Bxb3 41. Nf3 Bxf4 42. cxb3 c2 0-1


[Site "https://www.chess.com"]

[Event "Titled Tuesday Blitz March 08 Early 2022"]
[White "Thomas, Anysia"]
[Black "Derige Kane, Yan"]
[WhiteFideId "670472"]
[BlackFideId "20665431"]
[WhiteElo "2002"]
[BlackElo "2169"]
[Result "0-1"]
[Round "03"]
[TimeControl "180+1"]
[Date "2022.03.09"]
[WhiteClock "0:00:07"]
[BlackClock "0:02:17"]

1. d4 c5 2. d5 Nf6 3. Nc3 g6 4. e4 d6 5. Bb5+ Nbd7 6. a4 Bg7 7. h3 O-O 8. Nf3 a6 9. Be2 Re8 10. O-O e6 11. dxe6 Rxe6 12. Bc4 Re8 13. Qxd6 Nb6 14. Qxd8 Rxd8 15. Be2 Be6 16. Bg5 h6 17. Be3 Rac8 18. Rfd1 Nc4 19. Rxd8+ Rxd8 20. Bxc4 Bxc4 21. Bxc5 Nh5 22. Bb4 Nf4 23. a5 Ne2+ 24. Nxe2 Bxe2 25. Rb1 Bd1 26. c3 Bc2 27. Re1 Bd1 28. Re3 Bb3 29. g3 Rd1+ 30. Re1 Rd3 31. Kg2 h5 32. Re3 Rd1 33. e5 Bh6 34. Re1 Rd3 35. Nd4 Bd5+ 36. Kh2 Rd2 37. Re2 Rd1 38. g4 Bf4# 0-1


[Site "https://www.chess.com"]

[Event "Titled Tuesday Blitz March 08 Early 2022"]
[White "Tymrakiewicz, Rafal"]
[Black "Maung, Maung Kyaw Zaw Hein"]
[WhiteFideId "1108832"]
[BlackFideId "13001698"]
[WhiteElo "2205"]
[BlackElo "1785"]
[Result "1-0"]
[Round "03"]
[TimeControl "180+1"]
[Date "2022.03.09"]
[WhiteClock "0:00:15"]
[BlackClock "0:00:02"]

1. d4 d5 2. Bg5 c5 3. e4 dxe4 4. d5 h6 5. Be3 Nf6 6. Nc3 b6 7. Bb5+ Bd7 8. Bc4 a6 9. a4 g6 10. Nge2 Bg7 11. Ng3 Bg4 12. Qd2 h5 13. h3 Bf5 14. Rd1 Nbd7 15. d6 e6 16. Qe2 Qc8 17. Bg5 O-O 18. O-O Ne5 19. Bxf6 Bxf6 20. Ncxe4 Bg7 21. Ba2 h4 22. Nxf5 exf5 23. Ng5 Bf6 24. f4 Bxg5 25. fxe5 Kg7 26. Rfe1 Ra7 27. Qf3 Qd8 28. Qc6 Bf4 29. e6 fxe6 30. Rxe6 Qg5 31. Qf3 Be3+ 32. Qxe3 Qxe3+ 33. Rxe3 Rd7 34. Re6 Rfd8 35. Kf2 g5 36. Bc4 Ra8 37. Bd5 Raa7 38. Bc6 Rd8 39. Re7+ Rxe7 40. dxe7 Rxd1 41. e8=Q Rd2+ 42. Kg1 Rxc2 43. Bd5 1-0


[Site "https://www.chess.com"]